 Dungeon Crawl Stone Soup version 0.29.0-4-gdea44cf6ec (webtiles) character file.

Game seed: 17756343102419941688

2 qw the Vexing (level 1, -1/16 HPs)
             Began as an Ogre Enchanter on Sept 4, 2022.
             Slain by a rat (2 damage)
             ... on level 1 of the Dungeon.
             The game lasted 00:00:02 (71 turns).

qw the Vexing (Ogre Enchanter)                        Turns: 71, Time: 00:00:03

Health: -1/16      AC:  3    Str: 11    XL:     1   Next: 30%
Magic:  3/3        EV:  9    Int: 16    God:
Gold:   5          SH:  0    Dex:  9    Spells: 4/4 levels left

rFire   . . .      SeeInvis .   a - +1 dagger
rCold   . . .      Faith    .   (no shield)
rNeg    . . .      Spirit   .   b - +0 robe
rPois   .          Reflect  .   (helmet restricted)
rElec   .          Harm     .   (no cloak)
rCorr   .          Rampage  .   (gloves unavailable)
Will    .....                   (boots unavailable)
Stlth   ++........              (no amulet)
HPRegen 0.05/turn               (no ring)
MPRegen 0.08/turn               (no ring)

@: no status effects
A: large, unfitting armour, tough skin 1
a: no special abilities


You were on level 1 of the Dungeon.
You visited 1 branch of the dungeon, and saw 1 of its levels.

You collected 5 gold pieces.


Innate Abilities, Weirdness & Mutations

You are too large for most types of armour.
You have tough skin. (AC +1)


   Skills:
 - Level 0.8 Short Blades
 + Level 0.6 Axes
 - Level 1.7 Dodging
 - Level 2.1 Stealth
 - Level 2.4 Spellcasting
 - Level 2.6 Hexes


You had 4 spell levels left.
You didn't know any spells.
Your spell library contained the following spells:

 Spells                   Type           Power      Damage    Failure   Level
 Ensorcelled Hibernation  Hex/Ice        12%        N/A       17%         2
 Confusing Touch          Hex            10%        N/A       21%         3
 Tukima's Dance           Hex            10%        N/A       21%         3
 Dazzling Flash           Conj/Hex       12%        N/A       34%         3

Inventory:

Hand Weapons
 a - a +1 dagger (weapon)
Armour
 b - a +0 robe (worn)
Potions
 c - 2 potions of invisibility

Dungeon Overview and Level Annotations

Branches:
Dungeon (1/15)

Altars:


Message History

You barely miss the ball python. The ball python barely misses you.
A rat comes into view.
You hit the ball python.
The ball python is severely wounded.
The ball python bites you but does no damage.
You hit the ball python.
You kill the ball python!
You closely miss the hobgoblin. The hobgoblin hits you.
You barely miss the hobgoblin. The hobgoblin hits you.
You hit the hobgoblin but do no damage. The hobgoblin barely misses you.
You hit the hobgoblin.
The hobgoblin is moderately wounded.
The hobgoblin hits you.
63 ||| Stepping ~*~*~tactically~*~*~ (outnumbered).
The hobgoblin attacks as you move away! The hobgoblin hits you.
The rat attacks as you move away! The rat bites you but does no damage.
You barely miss the hobgoblin.
The hobgoblin is moderately wounded.
The hobgoblin barely misses you.
You hit the hobgoblin.
The hobgoblin is heavily wounded.
The hobgoblin barely misses you.
You hit the hobgoblin.
The hobgoblin is severely wounded.
The hobgoblin hits you.
A rat comes into view.
67 ||| Stepping ~*~*~tactically~*~*~ (stealth).
You see here a +0 leather armour.
You hit the hobgoblin.
You kill the hobgoblin!
You closely miss the rat. The rat bites you.
You hit the rat.
The rat is severely wounded.
The rat bites you.
You die...

## .. #. #.########
#.#....... #.
#.#.......
#.##.#.......
#.##.@.#.# .
#.#...r#.##....
#.####..%...!r. #.#
#.#.##....
#.####.#.# .
##########.>...##.#
#.......##..##.##.#
#.......#..........
#.......#...#.##...


You could see a rat.

Vanquished Creatures
  A hobgoblin (D:1)
  A ball python (D:1)
2 creatures vanquished.

Notes
Turn   | Place    | Note
-------+----------+-------------------------------------------
     0 | D:1      | qw the Ogre Enchanter began the quest for the Orb.
     0 | D:1      | Reached XP level 1. HP: 16/16 MP: 3/3
     0 | D:1      | 0 ||| qw: Version: 0.1-a-103-gd6f5d3a
     0 | D:1      | 0 ||| qw: Game counter: 5543
     0 | D:1      | 0 ||| qw: Always use a shield: true
     0 | D:1      | 0 ||| qw: God list: Okawaru
     0 | D:1      | 0 ||| qw: Allow faded altars: false
     0 | D:1      | 0 ||| qw: Do Orc after D:15 true
     0 | D:1      | 0 ||| qw: Do second Lair branch before Depths: true
     0 | D:1      | 0 ||| qw: Lair rune preference: random
     0 | D:1      | 0 ||| qw: Plans: Normal
     0 | D:1      | 0 ||| PLANNING D:1-11
    63 | D:1      | 63 ||| Stepping ~*~*~tactically~*~*~ (outnumbered).
    66 | D:1      | HP: 4/16 [hobgoblin (1)]
    67 | D:1      | 67 ||| Stepping ~*~*~tactically~*~*~ (stealth).
    70 | D:1      | HP: 1/16 [rat (3)]
    71 | D:1      | Slain by a rat

Levels and vault maps discovered:
D:1:      sevenhm_arrival_forest_fort_small_4, layout_basic,
          basic_ecumenical_altar, minmay_tiny_reverse_x

Action                   || total
-------------------------++-------
Melee: Dagger            ||    13
Armor: Robe              ||     2
Dodge: Dodged            ||     4

Table legend:
 A = Non-vault XP
 B = Vault XP
 C = Vault XP percentage of total XP
 D = Non-vault monster count
 E = Vault monster count
 F = Vault count percentage of total count
                 A         B        C        D         E       F
            +---------+---------+-------+---------+---------+-------
      Total |       3 |       0 |   0.0 |       2 |       0 |   0.0
            +---------+---------+-------+---------+---------+-------
        D:1 |       3 |       0 |   0.0 |       2 |       0 |   0.0
            +---------+---------+-------+---------+---------+-------
